 Dungeon Crawl Stone Soup version 0.20-a0-3-g334f831 (webtiles) character file.

1881 mrath the Basher (level 8, -3/69 HPs)
             Began as a Minotaur Fighter on Oct 30, 2016.
             Was a Follower of Okawaru.
             Killed from afar by an electric eel (8 damage)
             ... with a bolt of electricity
             ... on level 6 of the Dungeon.
             The game lasted 00:29:55 (6464 turns).

mrath the Basher (Minotaur Fighter)                 Turns: 6464, Time: 00:29:56

Health: -3/69      AC: 11    Str: 22    XL:     8   Next: 91%
Magic:  9/9        EV:  8    Int:  5    God:    Okawaru [*.....]
Gold:   317        SH: 10    Dex: 11    Spells: 0 memorised, 7 levels left

rFire  . . .     SeeInvis .     C - +1 flail (protect)
rCold  . . .     Gourm    .     m - +0 chain mail
rNeg   . . .     Faith    .     c - +0 shield
rPois  +         Spirit   .     (helmet restricted)
rElec  .         Reflect  .     y - +0 cloak {+Inv}
rCorr  .         Harm     .     (no gloves)
MR     .....                    (no boots)
Stlth  ..........               (no amulet)
                                (no ring)
                                p - ring of poison resistance

@: no status effects
A: retaliatory headbutt, horns 2
a: Heroism, Renounce Religion, Evoke Invisibility


You were on level 6 of the Dungeon.
You worshipped Okawaru.
Okawaru was aware of your devotion.
You were not hungry.

You visited 2 branches of the dungeon, and saw 7 of its levels.
You also visited: Sewer.

You collected 317 gold pieces.

Inventory:

Hand Weapons
 x - a +2 hand axe of electrocution
 C - a +1 flail of protection (weapon)
Missiles
 k - 196 stones
 n - 3 tomahawks of dispersal
 z - 10 poisoned needles
 A - 10 tomahawks (quivered)
Armour
 c - a +0 shield (worn)
 m - a +0 chain mail (worn)
 y - a +0 cloak of invisibility (worn)
Jewellery
 p - a ring of poison resistance (left hand)
Wands
 B - a wand of polymorph (24/24)
Scrolls
 g - 3 scrolls of identify
 j - a scroll of amnesia {unknown}
 l - a scroll of recharging
 o - 2 scrolls of teleportation
 r - a scroll of enchant armour {unknown}
 t - 2 scrolls of blinking
 D - a scroll of random uselessness {unknown}
 E - a scroll of enchant weapon {unknown}
 F - a scroll of immolation {unknown}
Potions
 a - a potion of berserk rage {unknown}
 d - 2 potions of might
 e - a potion of heal wounds {unknown}
 i - a potion of flight {unknown}
 q - 2 potions of magic
 v - 2 potions of curing {unknown}
 w - a potion of lignification {unknown}
Comestibles
 b - 2 slices of pizza
 f - 4 bread rations
 h - 6 fruits
 s - 5 meat rations
 u - a beef jerky
 G - 4 chunks of flesh


   Skills:
 + Level 5.5 Fighting
 + Level 8.1 Maces & Flails
 + Level 3.4 Throwing
 + Level 5.7 Armour
 + Level 4.1 Dodging
 + Level 5.9 Shields
 + Level 2.9 Invocations
 + Level 2.4 Evocations


You had 7 spell levels left.
You didn't know any spells.

Dungeon Overview and Level Annotations

Branches:
Dungeon (6/15)             Temple (1/1) D:4

Altars:
Ashenzari
Cheibriados
Dithmenos
Elyvilon
Fedhas
Gozag
Hepliaklqana
Kikubaaqudgha
Nemelex Xobeh
Okawaru
Qazlal
Ru
Sif Muna
Trog
Uskayaw
Vehumet
Xom
Yredelemnul
Zin
The Shining One

Annotations:
D:3 dobroeutro's ghost, amateur TrMo


Innate Abilities, Weirdness & Mutations

You reflexively headbutt those who attack you in melee.
You have a pair of horns on your head.


Message History

The electric eel shoots out a bolt of lightning at you!
The bolt of electricity hits you! The dart slug launches a dart at you.
The slug dart misses you.
You see here a blackened lead wand.
The electric eel shoots out a bolt of lightning at you!
The bolt of electricity hits you!
* * * LOW HITPOINT WARNING * * *
The electric eel shoots out a bolt of lightning at you!
The bolt of electricity hits you!
You see here a scroll of remove curse.
The electric eel shoots out a bolt of lightning at you!
The bolt of electricity hits you!
* * * LOW HITPOINT WARNING * * *
The dart slug launches a dart at you. The slug dart misses you.
You closely miss the electric eel.
The electric eel shoots out a bolt of lightning at you!
The bolt of electricity hits you!
You die...

## ## #. # . # #. #. ###
###..###. ####
#.##≈≈.≈≈#......####...
##.≈#≈#≈##........##.##
##≈≈≈≈≈;#≈≈≈≈#####.#..#
.#≈≈≈≈w.@≈≈≈≈≈≈#....<.###
..≈≈≈≈≈...#≈≈≈≈...#....##
.≈≈≈≈≈≈.?≈≈≈≈≈≈≈.........
≈≈#≈w≈w≈.≈≈≈≈≈#≈≈##.####.
≈≈≈≈≈≈≈/..≈≈≈≈≈≈≈##.# ##
.≈≈≈≈≈≈.<.≈≈≈≈≈≈..#.#
≈≈≈≈≈≈≈..♣≈≈≈≈≈≈≈...#
≈≈≈≈≈≈≈≈!≈≈≈≈≈#≈≈##>#
##≈≈≈≈#≈.≈≈≈≈≈≈≈## .#


You could see an electric eel and 3 dart slugs.

Vanquished Creatures
  Sigmund (D:5)
  Eustachio (D:4)
  Menkaure (D:4)
  An orc warrior (D:5)
  A sky beast (D:5)
  A phantom (D:5)
  3 ogres
  A crocodile (Sewer)
  A scorpion (D:4)
  An electric eel (D:6)
  A centaur zombie (D:5)
  A hound (D:5)
  A jelly (D:5)
  A centaur skeleton (D:4)
  2 orc priests
  Crazy Yiuf (D:5)
  5 orc wizards
  Jessica (D:3)
  4 worker ants
  3 iguanas
  A worker ant zombie (D:5)
  7 adders
  4 gnolls (D:3)
  A shadow imp (D:5)
  11 dart slugs
  8 leopard geckos
  19 orcs
  A giant cockroach (D:3)
  2 hobgoblins (D:1)
  14 jackals
  2 quokkas
  12 bats
  6 frilled lizards
  A giant cockroach zombie (D:5)
  7 goblins
  13 kobolds
  A leopard gecko skeleton (D:5)
  4 rats
146 creatures vanquished.

Vanquished Creatures (others)
  A dart slug (D:6)
1 creature vanquished.

Grand Total: 147 creatures vanquished

Notes
Turn   | Place    | Note
-------+----------+-------------------------------------------
     0 | D:1      | mrath the Minotaur Fighter began the quest for the Orb.
     0 | D:1      | Reached XP level 1. HP: 19/19 MP: 0/0
   266 | D:1      | Reached skill level 3 in Maces & Flails
   427 | D:1      | Reached XP level 2. HP: 26/26 MP: 1/1
   612 | D:1      | Reached skill level 4 in Maces & Flails
   683 | D:1      | Reached XP level 3. HP: 26/31 MP: 2/2
  1365 | D:2      | Reached skill level 5 in Maces & Flails
  1580 | D:2      | Reached XP level 4. HP: 39/39 MP: 3/3
  1615 | D:2      | Found a radiant altar of Vehumet.
  1615 | D:2      | Found a deep blue altar of Sif Muna.
  1616 | D:2      | Found a glowing silver altar of Zin.
  1752 | D:2      | Found a faded altar of an unknown god.
  1831 | D:3      | Noticed dobroeutro's ghost (amateur TrMo)
  1907 | D:3      | Found a shimmering altar of Xom.
  2063 | D:3      | Reached skill level 6 in Maces & Flails
  2066 | D:3      | Reached XP level 5. HP: 30/45 MP: 4/4
  2435 | D:3      | Found an ancient bone altar of Kikubaaqudgha.
  2712 | D:3      | Noticed Jessica
  2715 | D:3      | Killed Jessica
  2785 | D:4      | Noticed an ogre
  2792 | D:4      | Killed an ogre
  2792 | D:4      | Reached skill level 1 in Throwing
  2792 | D:4      | Reached skill level 1 in Dodging
  2792 | D:4      | Reached XP level 6. HP: 52/52 MP: 5/5
  2924 | D:4      | Found a staircase to the Ecumenical Temple.
  2924 | D:4      | Noticed Eustachio
  2956 | D:4      | Reached skill level 7 in Maces & Flails
  2968 | D:4      | Killed Eustachio
  2968 | D:4      | Reached XP level 7. HP: 45/60 MP: 6/6
  2987 | Temple   | Entered the Ecumenical Temple
  3111 | Temple   | Became a worshipper of Warmaster Okawaru
  3155 | D:4      | Noticed Menkaure
  3158 | D:4      | Killed Menkaure
  3322 | D:4      | Found an opulent altar of Gozag.
  3327 | D:4      | Reached skill level 1 in Invocations
  3799 | D:5      | Entered Level 5 of the Dungeon
  3896 | D:5      | Reached skill level 1 in Evocations
  3911 | D:5      | Reached skill level 5 in Armour
  3911 | D:5      | Reached skill level 5 in Shields
  3997 | D:5      | Found a glowing drain.
  4005 | Sewer    | Entered a sewer
  4075 | Sewer    | Reached * piety under Okawaru
  4075 | Sewer    | Reached XP level 8. HP: 41/67 MP: 8/8
  4290 | D:5      | Found a shadowy altar of Dithmenos.
  4354 | D:5      | Reached skill level 5 in Fighting
  4399 | D:5      | Noticed Sigmund
  4415 | D:5      | Killed Sigmund
  4791 | D:5      | Found a runed door.
  4795 | D:5      | Noticed Crazy Yiuf
  4800 | D:5      | Killed Crazy Yiuf
  6084 | D:5      | Reached skill level 8 in Maces & Flails
  6464 | D:6      | Killed from afar by an electric eel

Vault maps used:
D:1:      dpeg_cavernosity, corexii_corridor_pit
D:2:      gammafunk_temple_overflow_claw, ecumenical_altar_1
D:3:      lemuel_crystal_altar, nicolae_overflow_hidden_temple, first_bread,
          uniq_jessica
D:4:      nicolae_gozag_cash_rules_everything_around_me, uniq_menkaure,
          uniq_eustachio
D:5:      serial_co_window_serial, co_window_corner_a,
          co_window_of_opportunity_a, co_window_paths_b, co_window_paths_a,
          co_window_paths_b, co_window_broadway_a, co_window_cross_3,
          co_window_2corner, co_window_4corner_b, glass_columns_a,
          glass_columns_b, glass_columns_a, glass_columns_a,
          lightli_sewer_entry_pipes, nicolae_dithmenos_shadow_blocks,
          uniq_crazy_yiuf_cottage, uniq_sigmund
D:6:      kennysheep_slugbush, serial_shops, nicolae_shop_trees
Temple:   oiseaux_autumnal_temple
Sewer:    sewer_the_crocodile

Skill      XL: |  1  2  3  4  5  6  7  8 |
---------------+-------------------------+-----
Maces & Flails | 3 4 5 6 7 8 |  8.1
Armour         | 4 5 |  5.7
Throwing       | 1 2 3 |  3.4
Dodging        | 1 2 3 4 |  4.1
Shields        | 4 5 |  5.9
Fighting       | 4 5 |  5.5
Invocations    | 1 2 |  2.9
Evocations     | 1 2 |  2.4

Action                   |  1- 3 |  4- 6 |  7- 9 || total
-------------------------+-------+-------+-------++-------
Melee: Flail             |   111 |   145 |   199 ||   455
       Headbutt          |    11 |    19 |    37 ||    67
Throw: Stone             |       |     8 |       ||     8
       Tomahawk          |       |     7 |     7 ||    14
Invok: Heroism           |       |       |     3 ||     3
  Use: Potion            |       |     1 |       ||     1
       Scroll            |       |       |     9 ||     9
  Eat: Chunk             |     2 |     5 |    10 ||    17
       Beef jerky        |       |       |     1 ||     1
Armor: Scale mail        |    57 |    47 |     8 ||   112
       Chain mail        |       |       |    42 ||    42
Dodge: Dodged            |    34 |    49 |    42 ||   125
Block: Shield            |    58 |    81 |    84 ||   223
